 Dungeon Crawl Stone Soup version 0.21-a0-372-gd0ff781 (webtiles) character file.

11988 4thArraOfDagon the Grappler (level 11, -1/82 HPs)
             Began as a Grey Draconian Monk on Oct 16, 2017.
             Was a High Priest of Cheibriados.
             Slain by a meliai zombie (5 damage)
             ... on level 12 of the Dungeon.
             The game lasted 00:21:18 (4720 turns).

4thArraOfDagon the Grappler (Grey Draconian Monk)   Turns: 4720, Time: 00:21:19

Health: -1/82      AC: 13    Str: 28    XL:     11   Next: 56%
Magic:  17/17      EV: 18    Int: 22    God:    Cheibriados [*****.]
Gold:   143        SH:  0    Dex: 24    Spells: 11/18 levels left

rFire    . . .     SeeInvis .     - Unarmed
rCold    + . .     Gourm    .   (no shield)
rNeg     . . .     Faith    +   (armour unavailable)
rPois    .         Spirit   .   (helmet restricted)
rElec    .         Reflect  .   (no cloak)
rCorr    .         Harm     .   n - +0 pair of gloves
MR       .....     Clarity  +   (no boots)
Stlth    ++........             u - amulet of faith
HPRegen  0.23/turn              D - ring of ice
MPRegen  0.15/turn              w - ring of protection from fire

@: very slow
A: walk through water, unfitting armour, fangs 1, clarity, dopey 1, frail 1,
strong 1, unbreathing, cold-blooded, AC +12
a: Bend Time, Temporal Distortion, Slouch, Step From Time, Renounce Religion


You were on level 12 of the Dungeon.
You worshipped Cheibriados.
Cheibriados was extremely pleased with you.
You were not hungry.

You visited 2 branches of the dungeon, and saw 13 of its levels.

You collected 381 gold pieces.
You spent 238 gold pieces at shops.

Inventory:

Hand Weapons
 g - the +9 bardiche "Trog's Indignation" {flame, *Corrode rElec MP+9 Str+6}
   (You took it off a gnoll on level 12 of the Dungeon)

   It has been specially enchanted to burn those struck by it, causing extra
   injury to most foes and up to half again as much damage against particularly
   susceptible opponents.
   Big, fiery blades are also staple armaments of hydra-hunters.
   It affects your strength (+6).
   It insulates you from electricity.
   It affects your magic capacity (+9).
   It may corrode you when you take damage.
Missiles
 x - 3 tomahawks of dispersal (quivered)
Armour
 n - a +0 pair of gloves (worn)
Jewellery
 e - an uncursed ring of wizardry
 q - an uncursed amulet of magic regeneration
 r - an uncursed ring of flight
 u - an amulet of faith (around neck)
 w - a ring of protection from fire (right hand)
 D - a ring of ice (left hand)
Wands
 c - a wand of digging (9/24)
 p - a wand of digging (6/24)
 s - a wand of paralysis (0/24)
Scrolls
 b - a scroll of immolation {unknown}
 f - a scroll of random uselessness
 h - 2 scrolls of fog {unknown}
 j - 4 scrolls of remove curse {unknown}
 k - 3 scrolls of magic mapping
 m - 3 scrolls of enchant armour
 y - 2 scrolls of enchant weapon {unknown}
 z - a scroll of blinking {unknown}
 E - 3 scrolls of amnesia {unknown}
 G - a scroll of vulnerability {unknown}
Potions
 o - a potion of brilliance
 t - a potion of cancellation
 v - 3 potions of flight
Comestibles
 a - 3 bread rations
 d - 7 fruits
 i - 5 meat rations


   Skills:
 + Level 7.5 Fighting
 + Level 6.2 Dodging
 - Level 1.7 Stealth
 * Level 12.3 Unarmed Combat
 + Level 4.4 Spellcasting
 * Level 9.2 Earth Magic
 + Level 6.6 Invocations


You had 11 spell levels left.
You knew the following spells:

 Your Spells              Type           Power        Failure   Level  Hunger
a - Passwall              Tmut/Erth      ####......   2%          2    #......
b - Lee's Rapid Deconstr  Erth           #####.....   7%          5    ######.


Dungeon Overview and Level Annotations

Branches:
Dungeon (12/15)            Temple (1/1) D:4             Orc (0/2) D:12
   Lair: D:8-11

Altars:
Ashenzari
Cheibriados
Dithmenos
Elyvilon
Fedhas
Gozag
Kikubaaqudgha
Makhleb
Nemelex Xobeh
Okawaru
Trog
Uskayaw
Wu Jian
Xom
Yredelemnul
The Shining One

Shops:
D:4 =   D:5 *   D:7 *

Annotations:
D:9 4thArraOfDagon's ghost, novice DrMo


Innate Abilities, Weirdness & Mutations

You can walk through water.
Your dull iron-grey scales are very hard. (AC +12)
You cannot fit into any form of body armour.
You can survive without breathing.
You are cold-blooded and may be slowed by cold attacks.
You have very sharp teeth.
You possess an exceptional clarity of mind.
You are dopey. (Int -2)
You are frail. (-10% HP)
Your muscles are strong. (Str +2)


Message History

Unknown command.
You hit the meliai zombie. Your punch misses the meliai zombie.
You bite the meliai zombie!
The meliai zombie is heavily damaged.
The meliai zombie closely misses you.
The meliai zombie hits you but does no damage.
Unknown command.
You punch the meliai zombie! Your bite misses the meliai zombie.
The meliai zombie is severely damaged.
The meliai zombie closely misses you. The meliai zombie hits you.
* * * LOW HITPOINT WARNING * * *
The meliai zombie hits you.
* * * LOW HITPOINT WARNING * * *
The meliai zombie barely misses you.
Unknown command.
You hit the meliai zombie. Your punch misses the meliai zombie.
The meliai zombie is almost destroyed.
The meliai zombie hits you but does no damage.
The meliai zombie hits you.
You die...

#..........#
........#
...h....#
........#
#.......#
#.......#
#.......#
###...#####
#.@Z.......
#..........
#..........
...........
####.=......
####.....
..... ...


You could see a howler monkey (sleeping) and a meliai zombie.

Vanquished Creatures
  A death knight (D:12)
  A centaur warrior (D:12)
  4 two-headed ogres
  2 unseen horrors (D:11)
  3 ugly things
  A cyclops (D:12)
  A gargoyle (D:11)
  2 trolls
  Grinder (D:6)
  A hippogriff (D:7)
  A wyvern (D:12)
  5 yaks (D:12)
  A vampire mosquito (D:12)
  2 orc warriors (D:12)
  A hornet zombie (D:12)
  3 sky beasts
  2 black bears
  2 ice beasts
  2 necrophages
  2 ogres
  3 centaurs
  2 big kobolds
  4 bullfrogs
  A gnoll sergeant (D:12)
  2 scorpions
  4 killer bees (D:11)
  3 howler monkeys (D:11)
  2 crimson imps (D:5)
  2 centaur zombies
  A hound (D:12)
  2 quasits
  3 orc priests
  A centaur skeleton (D:5)
  A bullfrog skeleton (D:4)
  2 jellies
  2 orc wizards (D:12)
  2 iguanas
  Terence (D:3)
  4 worker ants
  A hound skeleton (D:4)
  A worker ant zombie (D:5)
  6 gnolls
  8 adders
  2 shadow imps (D:5)
  An ooze (D:4)
  An adder skeleton (D:4)
  A worm (D:2)
  2 dart slugs
  3 leopard geckos
  16 orcs
  4 giant cockroaches
  3 goblins
  2 hobgoblins
  11 jackals
  2 quokkas (D:2)
  A ball python skeleton (D:4)
  7 bats
  2 frilled lizards
  12 kobolds
  6 rats
172 creatures vanquished.

Vanquished Creatures (others)
  An eye of draining (D:12)
1 creature vanquished.

Grand Total: 173 creatures vanquished

Notes
Turn   | Place    | Note
-------+----------+-------------------------------------------
     0 | D:1      | 4thArraOfDagon the Draconian Monk began the quest for the Orb.
     0 | D:1      | Reached XP level 1. HP: 19/19 MP: 1/1
    68 | D:1      | Reached XP level 2. HP: 19/26 MP: 2/2
   199 | D:2      | Reached skill level 4 in Unarmed Combat
   210 | D:2      | Reached XP level 3. HP: 31/31 MP: 3/3
   309 | D:3      | Noticed Terence
   340 | D:3      | Killed Terence
   432 | D:3      | Reached XP level 4. HP: 38/38 MP: 4/4
   538 | D:3      | Reached skill level 5 in Unarmed Combat
   582 | D:4      | Found a staircase to the Ecumenical Temple.
   589 | Temple   | Entered the Ecumenical Temple
   598 | Temple   | Became a worshipper of Cheibriados the Contemplative
   598 | Temple   | Reached * piety under Cheibriados
   598 | Temple   | Reached ** piety under Cheibriados
   829 | D:4      | Reached XP level 5. HP: 35/45 MP: 5/5
  1006 | D:1      | Found a snail-covered altar of Cheibriados.
  1016 | D:1      | d:1 chei pff
  1130 | D:1      | Reached skill level 6 in Unarmed Combat
  1486 | D:4      | Noticed a centaur
  1499 | D:4      | Killed a centaur
  1519 | D:4      | Reached XP level 6. HP: 20/51 MP: 6/6
  1525 | D:4      | Found Awevatur's Jewellery Boutique.
  1683 | D:4      | Reached skill level 7 in Unarmed Combat
  1753 | D:4      | Reached *** piety under Cheibriados
  1859 | D:5      | Entered Level 5 of the Dungeon
  1873 | D:5      | Noticed an ice beast
  1886 | D:5      | Killed an ice beast
  1886 | D:5      | Reached skill level 8 in Unarmed Combat
  1886 | D:5      | Your scales start taking on a dull iron-grey colour.
  1886 | D:5      | Reached XP level 7. HP: 13/57 MP: 7/7
  1886 | D:5      | Gained mutation: You can survive without breathing. [Grey Draconian growth]
  2144 | D:5      | Reached skill level 9 in Unarmed Combat
  2227 | D:5      | Found Ynarho's Assorted Antiques.
  2244 | D:5      | Bought a dented citrine amulet for 135 gold pieces
  2244 | D:5      | Bought a metallic pink potion for 24 gold pieces
  2244 | D:5      | Bought a scroll labeled PUICKOOMAO for 27 gold pieces
  2319 | D:6      | Noticed Grinder
  2343 | D:6      | Killed Grinder
  2343 | D:6      | Reached skill level 1 in Invocations
  2343 | D:6      | Reached XP level 8. HP: 44/66 MP: 7/9
  2516 | D:7      | Noticed a hippogriff
  2529 | D:7      | Killed a hippogriff
  2559 | D:7      | Found Liraecus's General Store.
  2574 | D:7      | Bought a potion of agility for 52 gold pieces
  2661 | D:7      | Reached **** piety under Cheibriados
  2780 | D:8      | Reached skill level 10 in Unarmed Combat
  2783 | D:8      | Gained mutation: You possess an exceptional clarity of mind. [mutagenic meat]
  2784 | D:8      | Gained mutation: Your muscles are strong. (Str +2) [mutagenic meat]
  2785 | D:8      | Gained mutation: You have very sharp teeth. [mutagenic meat]
  2786 | D:8      | Gained mutation: Your mind is acute. (Int +2) [mutagenic meat]
  2808 | D:8      | Learned a level 2 spell: Passwall
  2814 | D:8      | Learned a level 5 spell: Lee's Rapid Deconstruction
  2849 | D:8      | Reached skill level 1 in Earth Magic
  2873 | D:8      | Noticed a two-headed ogre
  2881 | D:8      | Killed a two-headed ogre
  2881 | D:8      | Reached skill level 5 in Fighting
  2881 | D:8      | Reached XP level 9. HP: 55/74 MP: 11/11
  2951 | D:8      | Lost mutation: Your mind is acute. (Int +2) [mutagenic meat]
  3006 | D:8      | Noticed a troll
  3020 | D:8      | Killed a troll
  3020 | D:8      | Reached skill level 1 in Spellcasting
  3088 | D:9      | Noticed 4thArraOfDagon's ghost (novice DrMo)
  3102 | D:10     | Entered Level 10 of the Dungeon
  3293 | D:11     | Noticed a cyan ugly thing
  3293 | D:11     | Noticed a white ugly thing
  3311 | D:11     | Reached ***** piety under Cheibriados
  3318 | D:11     | Killed a red ugly thing
  3318 | D:11     | Reached skill level 5 in Earth Magic
  3322 | D:11     | Killed a red ugly thing
  3322 | D:11     | Reached skill level 11 in Unarmed Combat
  3325 | D:11     | Reached XP level 10. HP: 42/83 MP: 8/13
  3329 | D:11     | Gained mutation: Your flesh is cold resistant. (rC+) [mutagenic meat]
  3330 | D:11     | Gained mutation: You are frail. (-10% HP) [mutagenic meat]
  3332 | D:11     | Gained mutation: You are dopey. (Int -2) [mutagenic meat]
  3374 | D:11     | Reached skill level 5 in Dodging
  3509 | D:11     | Killed an unseen horror
  3509 | D:11     | Reached skill level 5 in Invocations
  3513 | D:11     | Noticed a two-headed ogre
  3524 | D:11     | Killed a two-headed ogre
  3600 | D:11     | Noticed a gargoyle
  3607 | D:11     | Killed a gargoyle
  3656 | D:11     | Noticed a cyclops
  3725 | D:11     | Killed an unseen horror
  3763 | D:11     | Noticed a two-headed ogre
  3774 | D:11     | Killed a two-headed ogre
  3872 | D:12     | Reached XP level 11. HP: 65/81 MP: 16/16
  4127 | D:12     | Got an ancient bardiche {flame}
  4132 | D:12     | Identified the +9 bardiche "Trog's Indignation" {flame, *Corrode rElec MP+9 Str+6} (You took it off a gnoll on level 12 of the Dungeon)
  4143 | D:12     | Found a staircase to the Orcish Mines.
  4209 | D:12     | Noticed a death knight
  4218 | D:12     | Killed a death knight
  4218 | D:12     | Reached skill level 12 in Unarmed Combat
  4222 | D:12     | Noticed a deep elf mage
  4222 | D:12     | Noticed a centaur warrior
  4226 | D:12     | Noticed a cyan ugly thing
  4226 | D:12     | Killed a centaur warrior
  4337 | D:12     | Killed a cyan ugly thing
  4340 | D:12     | Lost mutation: Your flesh is cold resistant. (rC+) [mutagenic meat]
  4614 | D:12     | Noticed a two-headed ogre
  4627 | D:12     | Killed a two-headed ogre
  4701 | D:12     | Noticed a frost giant
  4707 | D:12     | Noticed a cyan ugly thing
  4719 | D:12     | HP: 4/82 [meliai zombie (1)]
  4720 | D:12     | Slain by a meliai zombie

Vault maps used:
D:1:      matt_arrival_diagonals, cheibriados_altar_1
D:2:      wad_woods_settlement, minmay_curled_crystal, kennysheep_generic_room_6
D:3:      first_bread, st_stairs_7, minmay_misc_feat_five, feat_on_display,
          uniq_terence
D:4:      minmay_temple_entry_mist, serial_shops, shop
D:5:      serial_shops, shop, minmay_misc_feat_doors, grunt_decor_one_mirror
D:6:      zin_scriptorium, nicolae_ru_the_path_less_chosen, uniq_grinder
D:7:      serial_shops, nicolae_shop_statue_plus, grunt_livestock,
          serial_bayou_pond_a, corexii_item_surrounded_by_moat
D:9:      grunt_lair_entry_orc_guard_hut
D:12:     minmay_the_grid_square_5x5_5x5
Temple:   grunt_wide_crystal_templ

Skill      XL: |  1  2  3  4  5  6  7  8  9 10 11 |
---------------+----------------------------------+-----
Unarmed Combat | 4 5 6 8 9 10 11 12 | 12.3
Dodging        | 3 4 5 6 |  6.2
Invocations    | 1 3 4 5 6 |  6.6
Fighting       | 5 6 7 |  7.5
Earth Magic    | 3 5 7 9 |  9.2
Spellcasting   | 2 3 4 |  4.4
Stealth        | |  1.7

Action                   |  1- 3 |  4- 6 |  7- 9 | 10-12 || total
-------------------------+-------+-------+-------+-------++-------
Melee: Unarmed           |    92 |   156 |   214 |   194 ||   656
       Tailslap          |     8 |    26 |    48 |    63 ||   145
       Punch             |     1 |     6 |    14 |    18 ||    39
       Bite              |       |       |    14 |    48 ||    62
Invok: Bend Time         |       |     4 |       |       ||     4
       Slouch            |       |       |     1 |     3 ||     4
Evoke: Wand              |       |       |       |     2 ||     2
  Use: Potion            |     2 |       |     4 |     4 ||    10
       Scroll            |       |     6 |     5 |     4 ||    15
 Stab: Sleeping          |     5 |     4 |     1 |       ||    10
  Eat: Chunk             |       |     2 |    10 |     6 ||    18
       Royal jelly       |       |       |       |     1 ||     1
Armor: Skin              |    28 |    48 |    71 |    77 ||   224
Dodge: Dodged            |    80 |   120 |   170 |   145 ||   515

Table legend:
 A = Spawn XP
 B = Non-spawn XP
 C = Spawn XP percentage of total XP
 D = Spawn monster count
 E = Non-spawn monster count
 F = Spawn count percentage of total count
 G = Total turns spent on level
                    A         B        C        D         E        F      G
               +---------+---------+-------+---------+---------+-------+---------
         Total |       0 |   17126 |   0.0 |       0 |     172 |   0.0 |  4720
               +---------+---------+-------+---------+---------+-------+---------
           D:1 |       0 |      34 |   0.0 |       0 |      19 |   0.0 |   280
           D:2 |       0 |      59 |   0.0 |       0 |      13 |   0.0 |   392
           D:3 |       0 |      70 |   0.0 |       0 |      16 |   0.0 |   523
           D:4 |       0 |     423 |   0.0 |       0 |      13 |   0.0 |   452
           D:5 |       0 |     566 |   0.0 |       0 |      16 |   0.0 |   443
           D:6 |       0 |     353 |   0.0 |       0 |       2 |   0.0 |   211
           D:7 |       0 |     518 |   0.0 |       0 |      10 |   0.0 |   243
           D:8 |       0 |    1959 |   0.0 |       0 |      15 |   0.0 |   320
          D:10 |       0 |     249 |   0.0 |       0 |       8 |   0.0 |   191
          D:11 |       0 |    5807 |   0.0 |       0 |      22 |   0.0 |   490
          D:12 |       0 |    7039 |   0.0 |       0 |      35 |   0.0 |   937
        Temple |       0 |      49 |   0.0 |       0 |       3 |   0.0 |   212
               +---------+---------+-------+---------+---------+-------+---------
